AoeStats
← Mycorrhizal

Arena

508897767Analyzed
4v4 RM · 8d ago on Sep 24, 2026· 46m 27s· 8 players
Game mode
Random Map
Map size
Large (8 player)
Population
200
Speed
Normal
Resources
Standard
Victory
Conquest
Starting age
Dark Age
Ending age
Imperial Age
RankedLock teamsTeams togetherTeam positionsShared explorationLock speedFull tech treeHidden civsTurbo modeCheats
Victory
Defeat
🇺🇸 Mongols · United States
1500
+13
🇹🇼 Armenians · Taiwan
1493
+13
🇨🇦 Celts · Canada
1446
+15
🇹🇼 Lithuanians · Taiwan
1396
+18
🇨🇳 Saxons · China
1458
-16
🇧🇷 Bohemians · Brazil
1431
-15
🇹🇼 Burgundians · Taiwan
1421
-14
🇨🇳 Aztecs · China
1417
-14
1165498765132
3:19 Double-Bit Axe
6:38 Horse Collar
11:25 Feudal Age
14:57 Castle Age
13:24 Bow Saw
14:45 Heavy Plow
21:25 Wheelbarrow
22:12 Fervor
23:41 Stone Mining
23:41 Gold Mining
28:02 Imperial Age
25:18 Loom
25:37 Town Watch
26:22 Scale Mail Armor
26:33 Forging
27:56 Chain Mail Armor
28:18 Hand Cart
27:28 Pikeman
28:16 Squires
28:02 Arson
29:23 Iron Casting
29:19 Plate Mail Armor
30:18 Chemistry
29:13 Capped Ram
33:15 Blast Furnace
33:35 Pikeman
36:26 Conscription
36:22 Scale Barding Armor
37:05 Elite Coustillier
38:43 Chain Barding Armor
38:25 Husbandry
39:11 Gold Shaft Mining
39:11 Stone Shaft Mining
40:14 Halberdier
41:27 Burgundian Vineyards
40:47 Light Cavalry
41:37 Hussar
42:16 Halberdier
46:56 Plate Barding Armor
神
9:30 Feudal Age
16:19 Castle Age
26:24 Loom
33:49 Double-Bit Axe
种田摸鱼
10:22 Feudal Age
11:30 Double-Bit Axe
14:05 Castle Age
12:15 Horse Collar
15:38 Bow Saw
22:06 Wheelbarrow
21:46 Heavy Plow
23:43 Gold Mining
25:00 Loom
27:54 Imperial Age
25:09 Loom
25:10 Town Watch
25:54 Hand Cart
26:27 Forging
25:55 Light Cavalry
26:46 Bloodlines
26:37 Husbandry
27:03 Scale Mail Armor
28:16 Iron Casting
27:30 Arson
27:45 Squires
27:32 Gambesons
28:20 Chain Mail Armor
28:05 Shield Wall
28:35 Elite Varangian Guard
31:26 Plate Mail Armor
32:35 Crop Rotation
36:41 Conscription
40:02 Coinage
46:02 Fletching
TheSAD
10:04 Feudal Age
13:37 Castle Age
11:37 Double-Bit Axe
11:54 Horse Collar
16:39 Sanctity
18:57 Gold Mining
20:46 Redemption
22:31 Atonement
23:14 Gold Shaft Mining
22:52 Bow Saw
24:16 Loom
26:03 Devotion
28:23 Heavy Plow
32:46 Fervor
39:20 Imperial Age
37:59 Wheelbarrow
37:37 Eagle Warrior
38:26 Scale Mail Armor
38:36 Forging
38:59 Squires
38:45 Arson
39:59 Chain Mail Armor
39:32 Elite Eagle Warrior
40:34 Garland Wars
41:21 Plate Mail Armor
Mycorrhizal
9:41 Feudal Age
13:52 Castle Age
12:54 Double-Bit Axe
12:57 Horse Collar
14:59 Bow Saw
17:19 Fletching
24:47 Stone Mining
25:52 Heavy Plow
25:41 Loom
26:30 Gold Mining
28:57 Wheelbarrow
28:26 Scale Mail Armor
30:09 Hand Cart
30:57 Chain Mail Armor
34:53 Imperial Age
33:20 Pikeman
33:47 Gambesons
34:14 Forging
34:36 Bodkin Arrow
34:56 Halberdier
35:12 Heavy Scorpion
37:00 Plate Mail Armor
37:07 Iron Casting
37:14 Coinage
37:46 Capped Ram
38:38 Siege Ram
40:55 Blast Furnace
41:07 Onager
42:49 Town Watch
46:12 Conscription
47:11 Ballistics
LuisDaniel123
9:55 Feudal Age
13:58 Castle Age
11:51 Double-Bit Axe
11:56 Horse Collar
15:16 Bow Saw
21:48 Wheelbarrow
22:37 Gold Mining
24:12 Hand Cart
24:55 Gold Shaft Mining
24:49 Loom
24:50 Town Watch
25:01 Stone Mining
26:24 Stone Shaft Mining
25:54 Heavy Plow
29:47 Imperial Age
27:32 Town Patrol
27:27 Fletching
27:38 Padded Archer Armor
28:37 Bodkin Arrow
29:33 Ballistics
30:38 Capped Ram
31:30 Bloodlines
31:21 Husbandry
32:23 Chemistry
31:27 Bracer
31:43 Leather Archer Armor
31:24 Siege Ram
32:28 Elite Mangudai
33:28 Conscription
33:36 Thumb Ring
33:57 Parthian Tactics
36:55 Heavy Scorpion
38:34 Drill
38:53 Scale Barding Armor
38:59 Forging
39:23 Masonry
42:49 Siege Engineers
虞小梅
10:19 Feudal Age
12:21 Loom
15:12 Castle Age
13:42 Double-Bit Axe
14:06 Horse Collar
16:34 Scale Mail Armor
16:48 Bow Saw
17:34 Sanctity
19:46 Wheelbarrow
19:05 Gold Mining
22:04 Gold Shaft Mining
22:16 Redemption
22:23 Atonement
22:44 Fervor
23:08 Redemption
25:34 Chain Mail Armor
26:14 Devotion
32:22 Heavy Plow
33:49 Hand Cart
33:46 Stone Mining
40:59 Imperial Age
38:25 Fletching
38:36 Padded Archer Armor
39:09 Bodkin Arrow
41:21 Leather Archer Armor
41:00 Capped Ram
41:45 Bracer
42:51 Chemistry
42:04 Masonry
42:59 Chemistry
42:19 Ballistics
42:22 Conscription
42:10 Siege Ram
42:44 Elite Composite Bowman
45:45 Hoardings
45:09 Treadmill Crane
45:39 Fortified Wall
46:01 Sappers
46:51 Fereters
46:59 Guilds
47:27 Ring Archer Armor
TwBestShaco
10:08 Feudal Age
10:38 Double-Bit Axe
13:38 Castle Age
12:27 Horse Collar
14:32 Bow Saw
20:20 Gold Mining
21:09 Wheelbarrow
22:01 Heavy Plow
23:50 Hand Cart
28:29 Imperial Age
25:56 Stone Mining
27:15 Forging
27:05 Scale Mail Armor
26:28 Pikeman
27:09 Squires
28:04 Loom
28:05 Town Watch
29:26 Iron Casting
29:06 Chain Mail Armor
30:45 Two-Man Saw
29:11 Halberdier
30:53 Crop Rotation
30:47 Fletching
30:55 Arson
31:57 Bodkin Arrow
32:53 Conscription
32:35 Tower Shields
32:19 Man-at-Arms
33:48 Hoardings
34:26 Bracer
34:26 Padded Archer Armor
35:04 Elite Skirmisher
36:03 Leather Archer Armor
41:06 Ring Archer Armor
Connection lost

Rejoining the realm…

Still unreachable

The connection could not be restored.

Session expired

The server has moved on; the page needs a fresh start.